 Dungeon Crawl Stone Soup version 0.17.1-3-g152610e (webtiles) character file.

48038 Peloso the Fencer (level 14, 0/129 HPs)
             Began as a Minotaur Fighter on Mar 20, 2016.
             Was a High Priest of Okawaru.
             Slain by a death yak (19 damage)
             ... on level 7 of the Lair of Beasts.
             The game lasted 01:00:56 (21043 turns).

Peloso the Fencer (Minotaur Fighter)               Turns: 21043, Time: 01:00:56

Health: 0/129      AC: 27    Str: 26    XL:     14   Next: 10%
Magic:  15/15      EV: 12    Int:  7    God:    Okawaru [*****.]
Gold:   1620       SH: 11    Dex: 17    Spells: 0 memorised, 13 levels left

rFire  + . .     SeeInvis .     b - +4 double sword (protect)
rCold  . . .     Clarity  .     D - +1 plate armour
rNeg   + + +     SustAt   .     t - +3 buckler of Chimes {*Drain rN+++ Int+2 Dex+5}
rPois  .         Gourm    .     (helmet restricted)
rElec  .         Spirit   .     u - +0 cloak
rCorr  .         Warding  +     P - +0 pair of gloves
rMut   .         Stasis   .     j - +1 pair of boots {Fly}
MR     +....                    O - amulet "Loyzum" {Ward rN+ Str+2 Stlth+}
Stlth  ..........               z - ring of protection from fire
                                (no ring)

@: flying, somewhat resistant to hostile enchantments, extremely unstealthy
A: retaliatory headbutt, horns 2
a: Heroism, Finesse, Renounce Religion, Stop Flying


You were on level 7 of the Lair of Beasts.
You worshipped Okawaru.
Okawaru was extremely pleased with you.
You were not hungry.

You visited 2 branches of the dungeon, and saw 18 of its levels.
You also visited: Trove, Sewer and Volcano.

You collected 1620 gold pieces.

Inventory:

Hand Weapons
 b - a +4 double sword of protection (weapon)
 n - a +1 scimitar of flaming
 r - a +1 falchion of electrocution
Armour
 j - a +1 pair of boots of flying (worn)
 t - the +3 buckler of Chimes (worn) {*Drain rN+++ Int+2 Dex+5}
   (You found it in a treasure trove)

   It affects your intelligence (+2).
   It affects your dexterity (+5).
   It renders you almost immune to negative energy.
   It causes draining when unequipped.
 u - a +0 cloak (worn)
 D - a +1 plate armour (worn)
 P - a +0 pair of gloves (worn)
Jewellery
 g - a +3 ring of evasion {unknown}
 q - an uncursed amulet of stasis
 v - an uncursed amulet of resist corrosion
 z - a ring of protection from fire (right hand)
 B - an uncursed ring of see invisible
 L - a +2 ring of protection
 O - the amulet "Loyzum" (around neck) {Ward rN+ Str+2 Stlth+}
   (You found it in a treasure trove)

   [amulet of warding]

   It may prevent the melee attacks of summoned creatures.
   It affects your strength (+2).
   It protects you from negative energy.
   It makes you more stealthy.
 R - a +2 ring of strength
Wands
 a - a wand of teleportation (6)
 F - a wand of teleportation (3)
Scrolls
 f - a scroll of amnesia
 h - 2 scrolls of magic mapping
 i - 4 scrolls of remove curse
 k - 2 scrolls of blinking
 p - a scroll of summoning
 y - 5 scrolls of teleportation
 A - a scroll of enchant armour
 G - a scroll of silence
 M - a scroll of recharging
Potions
 d - 3 potions of might
 l - 2 potions of haste
 m - 7 potions of curing
 o - a potion of resistance
 w - 2 potions of brilliance
 E - a potion of agility
 J - 3 potions of heal wounds
 K - 5 potions of flight
 S - 3 potions of berserk rage
Comestibles
 e - 21 bread rations
 s - a beef jerky
 x - 5 meat rations
 C - 4 slices of pizza
 N - 9 fruits


   Skills:
 + Level 13.2 Fighting
 + Level 15.3 Long Blades
 + Level 12.8 Armour
 + Level 6.6 Dodging
 + Level 2.3 Stealth
 + Level 14.8 Shields
 + Level 3.0 Invocations


You had 13 spell levels left.
You didn't know any spells.

Dungeon Overview and Level Annotations

Branches:
Dungeon (11/15)            Temple (0/1) D:5            Lair (7/8) D:8
  Swamp (0/4) Lair:3       Spider (0/4) Lair:6          Orc (0/4) D:11
  Slime: Lair:6-8

Altars:
Cheibriados
Elyvilon
Fedhas
Kikubaaqudgha
Nemelex Xobeh
Okawaru
Ru
Xom
Zin


Innate Abilities, Weirdness & Mutations

You reflexively headbutt those who attack you in melee.
You have a pair of horns on your head.


Message History

You slice the death yak!!
You headbutt the death yak, but do no damage.
The death yak is heavily wounded.
The porcupine misses you. The death yak gores you!
You hit the death yak. You headbutt the death yak.
The death yak is heavily wounded.
The death yak gores you!
* * * LOW HITPOINT WARNING * * *
The porcupine closely misses you.
You barely miss the death yak.
You headbutt the death yak, but do no damage.
The death yak is heavily wounded.
The death yak gores you but does no damage. x2
You block the porcupine's attack.
You slice the death yak!! You headbutt the death yak.
The death yak is almost dead.
The death yak gores you!!
* * * LOW HITPOINT WARNING * * *
The death yak gores you!!
You die...

##.. ....... P..
....... #.. .......
#..#.....#.
###....#....#
#..........#
#..YY.....#
##...@....#.#
#.....r......
##....#....PP
#....##..##.
##.†...#.P.
##..........
#................
##................
##..................


You could see 2 death yaks and a porcupine.

Vanquished Creatures
  Maud (Lair:4)
  The ghost of kutaczsisior the Cleaver, a journeyman HOFi of Zin (Lair:2)
  Harold (Lair:1)
  A catoblepas (Lair:6)
  5 hydras
  A centaur warrior (D:9)
  4 death yaks
  A fire crab (Volcano)
  An unseen horror (D:8)
  Pikel (D:6)
  A necromancer (Lair:5)
  2 ugly things (D:11)
  3 griffons
  3 black mambas
  A toenail golem (Volcano)
  6 elephants
  2 molten gargoyles (Volcano)
  Psyche (D:10)
  6 komodo dragons
  16 spiny frogs
  2 fire drakes (Volcano)
  2 jumping spiders (Lair:6)
  A two-headed ogre (D:8)
  5 blink frogs (Lair:3)
  4 wyverns
  Sigmund (D:4)
  5 hippogriffs
  A fire elemental (Volcano)
  2 deep elf magi (D:10)
  A spriggan (D:8)
  3 redbacks (Lair:6)
  30 yaks
  A wraith (D:11)
  3 basilisks
  2 fire bats (Volcano)
  A steam dragon (D:8)
  A mottled dragon (D:10)
  2 hungry ghosts
  20 wolves
  13 porcupines
  4 sky beasts
  8 water moccasins
  6 ice beasts
  2 phantoms
  5 orc warriors
  A slave (D:6)
  A hell hound (Volcano)
  4 ogres
  An eye of draining (D:10)
  A necrophage (D:10)
  6 centaurs
  11 crocodiles
  25 giant frogs
  2 big kobolds
  A water moccasin zombie (D:8)
  A wyvern zombie (D:11)
  A wyvern skeleton (D:8)
  2 scorpions
  3 troll zombies (D:11)
  10 killer bees
  7 crimson imps
  A centaur zombie (D:6)
  3 giant frog zombies
  3 hounds
  A wasp zombie (D:11)
  4 lava snakes (Volcano)
  A centaur skeleton (D:9)
  2 quasits
  5 jellies
  4 orc priests
  9 orc wizards
  3 giant frog skeletons
  3 yak simulacra (Lair:5)
  8 iguanas
  2 killer bee zombies
  19 sheep
  3 wolf simulacra (Lair:5)
  7 worker ants
  A polar bear simulacrum (Lair:5)
  5 ogre zombies (D:11)
  14 adders
  2 shadow imps
  2 gnolls
  30 river rats
  7 worms
  3 giant geckos
  37 orcs
  2 ball pythons
  6 giant cockroaches
  3 goblins
  20 hobgoblins
  20 jackals
  3 quokkas
  7 bats
  A giant gecko skeleton (D:4)
  9 giant newts
  3 goblin skeletons (D:11)
  4 goblin zombies (D:11)
  3 hobgoblin skeletons (D:11)
  20 kobolds
  4 orc skeletons (D:11)
  11 orc zombies (D:11)
  2 quokka skeletons (D:8)
  14 rats
  4 river rat simulacra (Lair:5)
  A plant (Lair:6)
576 creatures vanquished.

Vanquished Creatures (others)
  The ghost of Zrachosh the Zephyrmancer, a journeyman TeAE of Sif Muna (D:8)
  A centaur (D:6)
  A giant cockroach (D:6)
  A plant (Lair:1)
4 creatures vanquished.

Grand Total: 580 creatures vanquished

Notes
Turn   | Place    | Note
--------------------------------------------------------------
     0 | D:1      | Peloso the Minotaur Fighter began the quest for the Orb.
     0 | D:1      | Reached XP level 1. HP: 19/19 MP: 0/0
     2 | D:1      | Noticed a human
     2 | D:1      | Noticed a tengu
     4 | D:1      | Noticed a naga
     6 | D:1      | Noticed a centaur
     6 | D:1      | Noticed a troll
     8 | D:1      | Noticed a demonspawn
     8 | D:1      | Noticed an elf
    10 | D:1      | Noticed a gargoyle
    10 | D:1      | Noticed a vampire
    12 | D:1      | Noticed a vine stalker
    14 | D:1      | Noticed an ogre
    14 | D:1      | Noticed a merfolk
    16 | D:1      | Noticed a minotaur
    16 | D:1      | Noticed a felid
    18 | D:1      | Noticed a spriggan
    20 | D:1      | Noticed an octopode
    20 | D:1      | Noticed a demigod
    24 | D:1      | Noticed a formicid
    24 | D:1      | Noticed a ghoul
    26 | D:1      | Noticed a dwarf
    26 | D:1      | Noticed a draconian
   267 | D:1      | Reached XP level 2. HP: 27/27 MP: 1/1
   547 | D:1      | Reached skill level 4 in Shields
   772 | D:2      | Reached XP level 3. HP: 33/33 MP: 2/2
   787 | D:2      | Found an ancient bone altar of Kikubaaqudgha.
   790 | D:2      | Found an iron altar of Okawaru.
   799 | D:2      | Became a worshipper of Warmaster Okawaru
   921 | D:2      | Reached skill level 1 in Dodging
  1291 | D:2      | Reached XP level 4. HP: 40/40 MP: 3/3
  1578 | D:3      | Found a sparkling altar of Nemelex Xobeh.
  1821 | D:3      | Found a white marble altar of Elyvilon.
  2093 | D:3      | Reached XP level 5. HP: 46/46 MP: 4/4
  2104 | D:3      | Reached skill level 5 in Shields
  2675 | D:4      | Noticed Sigmund
  2695 | D:4      | Killed Sigmund
  2695 | D:4      | Reached * piety under Okawaru
  2695 | D:4      | Reached skill level 5 in Armour
  2695 | D:4      | Reached XP level 6. HP: 16/52 MP: 5/5
  2905 | D:4      | You fall through a shaft for 3 floors!
  3197 | D:7      | Reached ** piety under Okawaru
  3197 | D:7      | Reached skill level 6 in Shields
  3197 | D:7      | Reached XP level 7. HP: 23/60 MP: 6/6
  3448 | D:6      | Reached skill level 5 in Long Blades
  3762 | D:5      | Entered Level 5 of the Dungeon
  3792 | D:5      | Got a steaming flail
  3853 | D:5      | Found a staircase to the Ecumenical Temple.
  3927 | D:5      | Reached skill level 1 in Stealth
  4019 | D:5      | Found a glowing silver altar of Zin.
  4072 | D:5      | Reached *** piety under Okawaru
  4072 | D:5      | Reached skill level 5 in Fighting
  4072 | D:5      | Reached XP level 8. HP: 52/68 MP: 7/7
  4457 | D:5      | Found a glowing drain.
  4469 | Sewer    | Entered a sewer
  4701 | Sewer    | Found a white marble altar of Elyvilon.
  4842 | D:5      | Reached skill level 7 in Armour
  5134 | D:4      | Found a snail-covered altar of Cheibriados.
  5444 | D:6      | Reached skill level 8 in Shields
  5599 | D:6      | Noticed Pikel
  5619 | D:6      | Killed Pikel
  5619 | D:6      | Reached **** piety under Okawaru
  5619 | D:6      | Reached skill level 5 in Dodging
  5619 | D:6      | Reached XP level 9. HP: 57/75 MP: 8/8
  5842 | D:6      | Reached skill level 9 in Shields
  6576 | D:7      | Identified the +6 flail of a Thousand Cities {crush, rElec MR+ Str-3 Stlth+} (You found it on level 5 of the Dungeon)
  7341 | D:8      | Noticed Zrachosh's ghost (journeyman TeAE)
  7378 | D:8      | Killed Zrachosh's ghost
  7733 | D:8      | Reached XP level 10. HP: 77/86 MP: 9/9
  7750 | D:8      | Reached skill level 10 in Shields
  8215 | D:8      | Found a staircase to the Lair.
  8234 | D:8      | Reached ***** piety under Okawaru
  8649 | D:9      | Noticed an unseen horror
  8649 | D:9      | Noticed a centaur warrior
  8680 | D:8      | Killed an unseen horror
  8680 | D:8      | Reached skill level 11 in Shields
  8999 | D:9      | Found a sacrificial altar of Ru.
  9017 | D:9      | Killed a centaur warrior
  9250 | D:9      | Found a shimmering altar of Xom.
  9274 | D:9      | Reached skill level 1 in Invocations
  9801 | D:9      | Found a blossoming altar of Fedhas.
 10064 | D:10     | Entered Level 10 of the Dungeon
 10070 | D:10     | Noticed Psyche
 10087 | D:10     | Killed Psyche
 10087 | D:10     | Reached skill level 10 in Armour
 10087 | D:10     | Reached XP level 11. HP: 64/95 MP: 7/10
 10577 | D:10     | Got a scorched dagger {pierce}
 10671 | D:10     | Identified the +8 dagger "Etellama" {pierce, -Tele rPois MR+ Dex+3} (You took it off an orc on level 10 of the Dungeon)
 10815 | D:10     | Reached skill level 10 in Long Blades
 11321 | D:11     | Received a gift from Okawaru
 11377 | D:11     | Reached skill level 12 in Shields
 11483 | D:11     | Found a staircase to the Orcish Mines.
 12056 | D:11     | HP: 1/99 [red ugly thing (20)]
 12858 | D:11     | Found a portal to a secret trove of treasure.
 12863 | Trove    | Entered a treasure trove
 12982 | Trove    | Got a shimmering buckler
 12993 | Trove    | Identified the +3 buckler of Chimes {*Drain rN+++ Int+2 Dex+5} (You found it in a treasure trove)
 13005 | Trove    | Got a clouded pewter amulet
 13007 | Trove    | Identified the amulet "Loyzum" {Ward rN+ Str+2 Stlth+} (You found it in a treasure trove)
 13338 | Lair:1   | Entered Level 1 of the Lair of Beasts
 13368 | Lair:1   | Reached skill level 10 in Fighting
 13560 | Lair:1   | Noticed Harold
 13579 | Lair:1   | Killed Harold
 13989 | Lair:1   | Reached XP level 12. HP: 108/108 MP: 12/12
 14506 | Lair:2   | Noticed kutaczsisior's ghost (journeyman HOFi)
 14517 | Lair:2   | Killed kutaczsisior's ghost
 14518 | Lair:2   | Noticed an eight-headed hydra
 14524 | Lair:2   | Killed a five-headed hydra
 14847 | Lair:2   | Noticed a seven-headed hydra
 14853 | Lair:2   | Killed a four-headed hydra
 14853 | Lair:2   | Reached skill level 13 in Shields
 14891 | Lair:2   | Found a dark tunnel.
 14899 | Volcano  | Entered a volcano
 15290 | Volcano  | Found a burning altar of Makhleb.
 16723 | Lair:3   | Found a staircase to the Swamp.
 17283 | Lair:3   | Reached XP level 13. HP: 59/118 MP: 14/14
 18032 | Lair:4   | Received a gift from Okawaru
 18032 | Lair:4   | Reached skill level 14 in Long Blades
 18101 | Lair:4   | Noticed Maud
 18117 | Lair:4   | Killed Maud
 18416 | Lair:4   | Received a gift from Okawaru
 19145 | Lair:5   | Received a gift from Okawaru
 19696 | Lair:5   | Reached skill level 15 in Long Blades
 20251 | Lair:6   | Found a hole to the Spider Nest.
 20391 | Lair:6   | Reached XP level 14. HP: 102/129 MP: 15/15
 21043 | Lair:7   | Slain by a death yak

Action                   |  1- 3 |  4- 6 |  7- 9 | 10-12 | 13-15 || total
-------------------------+-------+-------+-------+-------+-------++-------
Melee: Long sword        |   118 |   163 |   401 |   395 |       ||  1077
       Scimitar          |       |       |       |   585 |   135 ||   720
       Falchion          |       |       |       |    47 |       ||    47
       Double sword      |       |       |       |       |   286 ||   286
Invok: Heroism           |       |       |     1 |     9 |     1 ||    11
       Finesse           |       |       |       |     1 |       ||     1
  Use: Scroll            |       |     6 |       |    20 |     8 ||    34
       Potion            |       |     1 |     3 |     1 |       ||     5
  Eat: Chunk             |     1 |     7 |    13 |    28 |    12 ||    61
       Beef jerky        |       |       |     1 |     4 |       ||     5
       Royal jelly       |       |       |       |     1 |       ||     1
       Fruit             |       |       |       |     1 |       ||     1
